 Dungeon Crawl Stone Soup version 0.17-a0-2127-g1cb09f6 (webtiles) character file.

56 nicanaca0 the Vandal (level 4, 0/29 HPs)
             Began as a Halfling Hunter on Oct 23, 2015.
             Succumbed to an adder's poison
             ... on level 2 of the Dungeon.
             The game lasted 00:03:34 (1238 turns).

nicanaca0 the Vandal (Halfling Hunter)              Turns: 1238, Time: 00:03:34

Health: 0/29       AC:  4    Str: 13    XL:     4   Next: 15%
Magic:  4/4        EV: 14    Int: 10    God:
Gold:   86         SH:  0    Dex: 14    Spells: 0 memorised, 3 levels left

rFire  . . .     SeeInvis .     b - +0 short sword
rCold  . . .     Clarity  .     d - +0 leather armour
rNeg   . . .     SustAt   .     (shield restricted)
rPois  .         Gourm    .     (no helmet)
rElec  .         Spirit   .     (no cloak)
rCorr  .         Warding  .     h - +0 pair of gloves
rMut   .         Stasis   .     (no boots)
MR     .....                    (no amulet)
Stlth  ++........               (no ring)
                                (no ring)

@: lethally poisoned (0 -> -7), not resistant to hostile enchantments,
unstealthy
A: mutation resistance 1
a: no special abilities


You were on level 2 of the Dungeon.
You were not hungry.

You visited 1 branch of the dungeon, and saw 2 of its levels.

You collected 86 gold pieces.

Inventory:

Hand Weapons
 a - a +1 hunting sling
 b - a +0 short sword (weapon)
 k - a cursed -3 dagger
Missiles
 c - 20 sling bullets
 f - 68 stones (quivered)
Armour
 d - a +0 leather armour (worn)
 h - a +0 pair of gloves (worn)
Scrolls
 g - 2 scrolls of immolation {unknown}
 i - 2 scrolls of enchant weapon {unknown}
 j - a scroll of random uselessness {unknown}
 l - a scroll of remove curse {unknown}
 o - a scroll of amnesia {unknown}
 p - a scroll of fog {unknown}
 q - 3 scrolls of identify {unknown}
 t - a scroll of teleportation {unknown}
 u - a scroll of blinking {unknown}
Potions
 n - a potion of heal wounds {unknown}
 r - a potion of curing {unknown}
Comestibles
 e - a bread ration
 m - 2 meat rations


   Skills:
 - Level 1.7 Fighting
 + Level 7.9 Slings
 - Level 2.1 Dodging
 - Level 1.1 Stealth


You had 3 spell levels left.
You didn't know any spells.

Dungeon Overview and Level Annotations

Branches:
Dungeon (2/15)

Altars:


Innate Abilities, Weirdness & Mutations

You are small and have problems with some larger weapons.
You are somewhat resistant to further mutation.


Message History

The adder poisons you!
You hit the adder.
The adder is almost dead.
You feel sick. The adder barely misses you.
You miss the adder.
The adder is almost dead.
You feel sick. The adder bites you.
* * * LOW HITPOINT WARNING * * *
You hit the adder but do no damage.
The adder is almost dead.
The adder bites you but does no damage. The adder bites you.
* * * LOW HITPOINT WARNING * * *
You hit the adder.
You kill the adder!
You have reached level 4!
* * * LOW HITPOINT WARNING * * *
You feel sick.
You see here an adder corpse.
You butcher the adder corpse.
You die...

.#.# ###
#.#..###########
#.#.. .#.# #.#..#
#<#.. .#.#### #.#..##
#.#.. .....[## ......
#.#.. .......# #.
#.#### #.#
......#...#.##....###
#.#
......#.###.#.......#
###
.######(....#.......#
.# #(..(......@...#
.### #......#...†...#
.... .......#.......#
.### #......#.......#
.# #.###.##.......#
.#####.###. ####.####
....<........# #.#
.##.######.#.# #.#
.##.# #.#.# #.#


There were no monsters in sight!

Vanquished Creatures
  3 adders (D:2)
  An ooze (D:2)
  A worm (D:2)
  A hobgoblin (D:2)
  A jackal (D:2)
  4 kobolds
  2 bats
  2 giant cockroaches (D:1)
  2 giant newts (D:1)
  5 goblins
  3 rats
25 creatures vanquished.

Notes
Turn   | Place    | Note
--------------------------------------------------------------
     0 | D:1      | nicanaca0 the Halfling Hunter began the quest for the Orb.
     0 | D:1      | Reached XP level 1. HP: 14/14 MP: 1/1
    95 | D:1      | Reached skill level 6 in Slings
   210 | D:1      | Reached XP level 2. HP: 16/19 MP: 2/2
   823 | D:2      | Reached skill level 7 in Slings
   823 | D:2      | Reached XP level 3. HP: 24/24 MP: 3/3
  1236 | D:2      | Reached XP level 4. HP: 2/29 MP: 4/4
  1236 | D:2      | HP: 1/29 [poisoned by an adder]
  1238 | D:2      | Succumbed to an adder's poison

Vault maps used:
D:1:      zaba_arrival_water
D:2:      kennysheep_goblin_castle, xom_redecorated, uniq_iyjb

Action                   |  1- 3 |  4- 6 || total
-------------------------+-------+-------++-------
Melee: Short sword       |    38 |       ||    38
 Fire: Hunting sling     |    58 |       ||    58
  Eat: Beef jerky        |     1 |       ||     1
